 Dungeon Crawl Stone Soup version 0.29-a0-557-g43b9904bd1 (console) character file.

Game seed: 16026890335994257821

6353 jejorda2 the Impaler (level 10, -6/76 HPs)
             Began as a Merfolk Berserker on June 8, 2022.
             Was a High Priest of Trog.
             Mangled by a two-headed ogre
             ... wielding a +0 dire flail
              (11 damage)
             ... on level 7 of the Dungeon.
             The game lasted 00:23:06 (9932 turns).

jejorda2 the Impaler (Merfolk Berserker)            Turns: 9932, Time: 00:23:07

Health: -6/76      AC: 14    Str: 20    XL:     10   Next: 96%
Magic:  10/10      EV: 12    Int:  6    God:    Trog [*****.]
Gold:   459        SH:  0    Dex: 16    Spells: 9/9 levels left

rFire   . . .      SeeInvis .   a - +3 halberd (flame)
rCold   . . .      Faith    +   (shield currently unavailable)
rNeg    + . .      Spirit   .   h - +0 scale mail
rPois   .          Reflect  .   (no helmet)
rElec   .          Harm     .   w - +0 cloak
rCorr   .          Rampage  .   l - +1 pair of gloves
Will    .....                   e - +2 pair of boots
Stlth   ..........              o - amulet of faith
HPRegen 0.22/turn               y - ring of positive energy
MPRegen 0.12/turn               (no ring)

@: on berserk cooldown, hasted and slowed
A: (nimble swimmer 2), mertail
a: Renounce Religion, Berserk, Trog's Hand, Brothers in Arms


You were on level 7 of the Dungeon.
You worshipped Trog.
Trog was extremely pleased with you.
You visited 1 branch of the dungeon, and saw 9 of its levels.
You also visited: Ossuary.

You collected 459 gold pieces.

Inventory:

Hand Weapons
 a - a +3 halberd of flaming (weapon)
 b - a +1 glaive
Missiles
 r - 256 stones (quivered)
 s - 19 poisoned darts
 v - 4 boomerangs
 x - a curare-tipped dart
Armour
 e - a +2 pair of boots (worn)
 h - a +0 scale mail (worn)
 l - a +1 pair of gloves (worn)
 w - a +0 cloak (worn)
 I - a +0 plate armour
Jewellery
 o - an amulet of faith (around neck)
 y - a ring of positive energy (left hand)
 B - a ring of protection from cold
Wands
 j - a wand of polymorph (10)
 u - a wand of iceblast (7)
 A - a wand of mindburst (7)
 C - a wand of acid (5)
Scrolls
 z - a scroll of fog
 D - 2 scrolls of magic mapping
 E - 5 scrolls of teleportation
Potions
 c - 9 potions of curing
 d - 2 potions of lignification {unknown}
 f - 6 potions of mutation
 g - a potion of heal wounds {unknown}
 i - 3 potions of brilliance {unknown}
 k - a potion of attraction {unknown}
 m - 3 potions of might
 n - a potion of invisibility {unknown}
 p - 2 potions of ambrosia
 q - 3 potions of haste
 F - 2 potions of cancellation {unknown}


   Skills:
 - Level 6.0 Fighting
 * Level 15.9 Polearms
 + Level 2.9 Throwing
 - Level 6.0 Armour
 - Level 6.0 Dodging
 + Level 2.9 Evocations


You had 9 spell levels left.
You didn't know any spells.
Your spell library was empty.

Dungeon Overview and Level Annotations

Branches:
Dungeon (9/15)             Temple (0/1) D:4            Lair (0/6) D:8
Ossuary (visited)
    Orc: D:9-12

Altars:

Annotations:
D:3 1 runed translucent door, samgaumpmail's ghost, amateur FoVM


Innate Abilities, Weirdness & Mutations

((You are very nimble when in or above water. (Stealth+, EV+, Speed+++)))
Your lower body shifts to a powerful aquatic tail in water.


Message History

The bullfrog attacks as you move away!
The bullfrog hits you but does no damage.
The two-headed ogre hits you with a +0 dire flail.
The two-headed ogre hits you with a +0 giant spiked club!!
* * * LOW HITPOINT WARNING * * *
The bullfrog hits you.
* * * LOW HITPOINT WARNING * * *
As you read the scroll of fear, it crumbles to dust.
You assume a fearsome visage.
The two-headed ogre looks frightened!
The bullfrog looks frightened!
The two-headed ogre moans, "Oh dear!
Oh dear!"
The two-headed ogre seems to regain its courage.
There is an open door here.
Blink to where?
Press: ? - help, Dir - move target
As you read the scroll of blinking, it crumbles to dust.
There is a stone staircase leading up here.
The two-headed ogre hits you with a +0 dire flail!
* * * LOW HITPOINT WARNING * * *
The two-headed ogre closely misses you.
You climb upwards.
There is a stone staircase leading down here.
What are your orders? t - Shout!
Orders for allies: a - Attack new target. r - Retreat! s - Stop attacking. g - Guard the area. f - Follow me.
Anything else - Cancel.
Okay, then.
Okay, then.
You feel yourself speed up.
The two-headed ogre hits you with a +0 dire flail.
* * * LOW HITPOINT WARNING * * *
The two-headed ogre hits you with a +0 giant spiked club.
* * * LOW HITPOINT WARNING * * *
Okay, then.
Unknown command.
The two-headed ogre closely misses you.
The two-headed ogre hits you with a +0 giant spiked club!
You die...

##########
#........#
#....@O..# ###
#........# ##.#
#......>.# #..#
#........# #.## ##
#........# ##.# #.
#####..#####..# #.
#..####..## #.
#########
#.......#########.
#.......#
#........[........


You could see a two-headed ogre.

Vanquished Creatures
  A komodo dragon (D:8)
  A hornet (D:8)
  A troll (D:9)
  6 yaks (D:9)
  2 steam dragons
  An acid dragon (D:8)
  2 water moccasins
  An ice beast (D:6)
  A black bear (D:7)
  2 orc warriors
  A sky beast (D:8)
  A centaur (D:8)
  4 phantoms
  2 kobold brigands
  3 bullfrogs
  Blork the orc (D:4)
  4 wyvern zombies (Ossuary)
  A gnoll sergeant (D:8)
  3 scorpions
  A water moccasin zombie (Ossuary)
  15 wights
  A killer bee (D:8)
  An electric eel (D:8)
  Crazy Yiuf (D:6)
  3 jellies
  8 bullfrog zombies (Ossuary)
  2 gnoll shamans
  5 centaur zombies (Ossuary)
  A hound (D:6)
  3 orc priests
  3 iguanas
  Terence (D:2)
  Natasha (thrice) (D:4)
  10 orc wizards
  3 killer bee zombies (Ossuary)
  13 mummies
  A howler monkey zombie (Ossuary)
  3 gnolls (D:6)
  3 adders
  2 shadow imps
  2 worms (D:3)
  4 dart slugs
  18 orcs
  6 ball pythons
  9 endoplasms
  2 giant cockroaches (D:1)
  4 goblins
  A hobgoblin (D:1)
  9 jackals
  17 kobolds
  3 quokkas
  10 bats
  3 frilled lizards
  2 goblin zombies (D:7)
  9 rats
220 creatures vanquished.

Vanquished Creatures (others)
  24 plants (D:8)
  2 withered plants (Ossuary)
26 creatures vanquished.

Grand Total: 246 creatures vanquished

Notes
Turn   | Place    | Note
-------+----------+-------------------------------------------
     0 | D:1      | jejorda2 the Merfolk Berserker began the quest for the Orb.
     0 | D:1      | Reached XP level 1. HP: 18/18 MP: 1/1
   256 | D:1      | Reached XP level 2. HP: 19/24 MP: 2/2
   418 | D:1      | Found a faded altar of an unknown god.
  1069 | D:1      | Reached XP level 3. HP: 30/30 MP: 3/3
  1547 | D:2      | Noticed Terence
  1555 | D:2      | Killed Terence
  1556 | D:2      | Reached skill level 5 in Polearms
  1556 | D:2      | Reached XP level 4. HP: 37/37 MP: 4/4
  1626 | D:2      | Identified the +3 hunting sling of Bloody Death {vorpal,
                  | Drain rElec rPois Str+4}
  1705 | D:2      | Reached ** piety under Trog
  2337 | D:3      | Noticed samgaumpmail's ghost (amateur FoVM)
  2340 | D:3      | Found a runed translucent door.
  2585 | D:3      | Reached XP level 5. HP: 36/43 MP: 5/5
  2757 | D:3      | Reached *** piety under Trog
  3393 | D:4      | Found a staircase to the Ecumenical Temple.
  3497 | D:4      | Noticed Blork the orc
  3504 | D:4      | Killed Blork the orc
  3505 | D:4      | Reached skill level 5 in Fighting
  3505 | D:4      | Reached skill level 6 in Polearms
  3559 | D:4      | Noticed Natasha
  3567 | D:4      | Killed Natasha
  3568 | D:4      | Reached XP level 6. HP: 46/51 MP: 6/6
  3601 | D:4      | Noticed Natasha
  3604 | D:4      | Killed Natasha
  3873 | D:4      | Noticed Natasha
  3879 | D:4      | Killed Natasha
  3944 | D:5      | Entered Level 5 of the Dungeon
  4206 | D:5      | Reached skill level 7 in Polearms
  4223 | D:5      | Reached XP level 7. HP: 43/58 MP: 7/7
  4862 | D:6      | Reached skill level 8 in Polearms
  5034 | D:6      | Reached XP level 8. HP: 64/64 MP: 8/8
  5039 | D:6      | Reached skill level 9 in Polearms
  5173 | D:6      | Found a runed translucent door.
  5174 | D:6      | Noticed Crazy Yiuf
  5182 | D:6      | Killed Crazy Yiuf
  5694 | D:6      | Reached **** piety under Trog
  5695 | D:6      | Reached skill level 10 in Polearms
  5960 | D:7      | Reached skill level 11 in Polearms
  6011 | D:7      | Reached XP level 9. HP: 53/69 MP: 9/9
  6084 | D:7      | Reached skill level 12 in Polearms
  6136 | D:7      | Found a sand-covered staircase.
  6142 | Ossuary  | Entered an ossuary
  6166 | Ossuary  | Reached skill level 5 in Armour
  6230 | Ossuary  | Reached ***** piety under Trog
  6240 | Ossuary  | Reached skill level 13 in Polearms
  7111 | D:7      | Reached XP level 10. HP: 76/76 MP: 10/10
  7364 | D:8      | Reached skill level 14 in Polearms
  7538 | D:8      | Found a staircase to the Lair.
  7623 | D:8      | Reached skill level 5 in Dodging
  7864 | D:8      | Paralysed by a hornet for 1 turns
  9053 | D:8      | Reached skill level 15 in Polearms
  9344 | D:9      | Reached skill level 1 in Throwing
  9344 | D:9      | Reached skill level 1 in Evocations
  9707 | D:9      | Received a gift from Trog
  9906 | D:9      | Noticed a two-headed ogre
  9912 | D:9      | Noticed a two-headed ogre
  9932 | D:7      | Mangled by a two-headed ogre

Illustrated notes

Levels and vault maps discovered:
D:1:      zaba_arrival_water, layout_basic,
          hellmonk_ecumenical_altar_inner_sanctum, grunt_decor_junction,
          minmay_tetromino_o2
D:2:      layout_basic, uniq_terence
D:3:      layout_rooms, hellmonk_ghost_happy_afterlife,
          kennysheep_generic_room_7
D:4:      layout_rooms, minmay_temple_entry_glass, grunt_decor_arrowhead,
          item_on_display_a, uniq_blork_the_orc, uniq_natasha
D:5:      layout_basic
D:6:      layout_basic, uniq_crazy_yiuf_cottage
D:7:      layout_rooms, nicolae_ossuary_entry_giza, kennysheep_small_square
D:8:      layout_basic, david_lair_shrubbed, st_stairs_8, serial_bayou_pond_b
D:9:      layout_loops_ring, lemuel_round_altar, minmay_misc_feat_rugged,
          minmay_alternating_orb

Skill      XL: |  1  2  3  4  5  6  7  8  9 10 |
---------------+-------------------------------+-----
Fighting       | 4 5 6 |  6.0
Polearms       | 5 6 7 8 11 13 15 | 15.9
Armour         | 2 3 4 5 6 |  6.0
Dodging        | 4 6 |  6.0
Throwing       | 2 |  2.9
Evocations     | 2 |  2.9

Action                   |  1- 3 |  4- 6 |  7- 9 | 10-12 || total
-------------------------+-------+-------+-------+-------++-------
Melee: Spear             |    95 |   161 |       |       ||   256
       Punch             |       |     2 |       |       ||     2
       Glaive            |       |    56 |   307 |    13 ||   376
       Halberd           |       |       |       |   183 ||   183
Throw: Stone             |       |     3 |     6 |    11 ||    20
Invok: Berserk           |     1 |     2 |     6 |     2 ||    11
       Trog's Hand       |       |     2 |     2 |     1 ||     5
  Use: Scroll            |       |    13 |     2 |     7 ||    22
       Potion            |       |       |     1 |     1 ||     2
 Stab: Sleeping          |     3 |       |       |       ||     3
Armor: Animal skin       |    10 |       |       |       ||    10
       Ring mail         |     5 |       |       |       ||     5
       Scale mail        |       |    84 |   149 |    58 ||   291
Dodge: Dodged            |    35 |    79 |   136 |    65 ||   315

Table legend: (Time is in decaauts)
 A = Elapsed time spent in this place.
 B = Non-inter-level travel time spent in this place.
 C = Inter-level travel time spent in this place.
 D = Time resting spent in this place.
 E = Time spent auto-exploring this place.
 F = Levels seen in this place.
 G = Mean time per level.
                   A        B        C        D        E       F      G
               +--------+--------+--------+--------+--------+-----+--------+
         Total |   9964 |   9656 |    308 |    809 |   7051 |  10 |  996.4 |
       Dungeon |   9421 |   9113 |    308 |    649 |   6860 |   9 | 1046.8 |
       Ossuary |    543 |    543 |      0 |    160 |    190 |   1 |  543.0 |
               +--------+--------+--------+--------+--------+-----+--------+

Top non-repeatable levels by time:
     D:8: 1870 daAuts
     D:1: 1360 daAuts
     D:6: 1188 daAuts
     D:2: 1047 daAuts
     D:7: 924 daAuts
     D:3: 838 daAuts
     D:5: 814 daAuts
     D:4: 690 daAuts
     D:9: 687 daAuts
 Ossuary: 543 daAuts
